AoeStats
← 挥舞的指甲刀

Arabia

510749280Analyzed
1v1 RM · 24h ago on Oct 2, 2026· 23m 3s· 2 players
Game mode
Random Map
Map size
Tiny (2 player)
Population
200
Speed
Normal
Resources
Standard
Victory
Conquest
Starting age
Dark Age
Ending age
Imperial Age
RankedLock teamsTeams togetherTeam positionsShared explorationLock speedFull tech treeHidden civsTurbo modeCheats
Victory
Defeat
🇨🇳 Magyars · China
957
+17
🇪🇸 Franks · Spain
978
-17
挥舞的指甲刀
3:25 Loom
9:51 Feudal Age
10:53 Double-Bit Axe
13:29 Horse Collar
15:55 Gold Mining
16:21 Fletching
17:13 Padded Archer Armor
23:15 Castle Age
sen10r
9:15 Feudal Age
14:03 Loom
22:04 Castle Age
22:26 Fletching
Connection lost

Rejoining the realm…

Still unreachable

The connection could not be restored.

Session expired

The server has moved on; the page needs a fresh start.